Map: Dusty Gorge

Players

Adversity - Winner!

  • Race: Terran Terran
  • Spawn Location: 5:00

itisme - Winner!

  • Race: Terran Terran
  • Spawn Location: 3:00

StonedTurtle

  • Race: Zerg Zerg
  • Spawn Location: 9:00

Headshot

  • Race: Protoss Protoss
  • Spawn Location: 11:00

VOD

Have the link to the VOD?

Description

Time

  • Played on: Oct. 10, 2018, 5:22 p.m.
  • Length: 7:19
Show
View Real Time Build Order
Export as new Build Order

Adversity Terran - Winner!

Build Orders: Reaper Expand 

Get SALT Encoding   

  12  0:01  SCV  
  13  0:13  SCV  
  14  0:19  Supply Depot  
  14  0:29  SCV  
  15  0:41  SCV  
  16  0:43  Barracks  
  16  0:48  Refinery  
  16  0:53  SCV  
  17  1:07  SCV  
  18  1:19  SCV  
  19  1:31  Reaper  
  19  1:32  Orbital Command  
  20  1:49  Command Center  
  20  1:58  Supply Depot, SCV  
  21  2:05  Barracks Reactor  
  21  2:10  SCV  
  22  2:18  Barracks  
  22  2:20  Barracks  
  22  2:28  Barracks  
  22  2:29  SCV  
  23  2:30  Barracks  
  23  2:41  SCV  
  23  2:43  Marine x2  
  26  2:56  SCV  
  27  3:01  Marine x2  
  27  3:02  Orbital Command  
  29  3:17  Refinery x2  
  29  3:25  Orbital Command  
  29  3:26  Marine x2  
  31  3:34  SCV  
  31  3:35  Barracks Tech Lab  
  32  3:49  Marine x2  
  32  3:50  Marine  
  32  3:51  SCV  
  32  3:54  Marine  
  32  3:55  Stimpack  
  37  3:56  SCV  
  37  3:58  Factory  
  38  4:07  Marine x3  
  38  4:08  SCV x2  
  43  4:12  Supply Depot, Marine  
  44  4:30  SCV x2  
  46  4:32  Supply Depot  
  46  4:34  Marine x4  
  50  4:44  Factory Reactor, Starport  
  50  4:50  SCV x2  
  52  4:54  Barracks Reactor  
  52  4:58  Barracks  
  52  5:00  Barracks  
  52  5:05  Marine x3  
  52  5:06  SCV x2  
  57  5:11  Supply Depot  
  57  5:19  SCV x2  
  59  5:22  Engineering Bay x2  
  59  5:31  Marine x3  
  59  5:32  Marine x2  
  64  5:36  Supply Depot  
  64  5:40  Supply Depot  
  64  5:47  Medivac x2  
  64  5:49  Barracks Reactor x2  
  68  5:52  SCV x2  
  69  5:57  Refinery  
  69  5:58  Combat Shield  
  69  5:59  Refinery  
  69  6:13  Marine  
  69  6:14  Marine x4  
  69  6:16  SCV x2  
  76  6:20  Supply Depot  
  76  6:30  SCV  
  76  6:31  Marine, SCV  
  76  6:32  Marine x3  
  82  6:36  Supply Depot  
  82  6:45  Marine x5  
  87  6:48  Supply Depot  
  87  6:50  Armory, SCV x2  
Show
View Real Time Build Order
Export as new Build Order

itisme Terran - Winner!

Build Orders:  

Get SALT Encoding   

  12  0:02  SCV  
  13  0:14  SCV  
  13  0:20  Supply Depot  
  14  0:26  SCV  
  15  0:42  SCV  
  16  0:45  Barracks  
  16  0:51  Refinery  
  16  0:54  SCV  
  17  1:06  Supply Depot, SCV  
  18  1:18  SCV  
  19  1:34  Barracks, SCV  
  19  1:38  Reaper  
  21  1:41  Refinery  
  21  1:49  SCV  
  22  2:02  Orbital Command  
  22  2:10  Reaper  
  23  2:24  Reaper  
  24  2:30  Barracks  
  24  2:36  SCV  
  25  2:56  Reaper x2  
  25  2:58  SCV  
  28  3:10  SCV  
  29  3:15  Supply Depot  
  29  3:18  Command Center  
  29  3:28  Reaper x2  
  30  3:46  Reaper  
  30  3:47  SCV  
  31  3:59  SCV  
  31  4:00  Reaper x2  
  31  4:01  Factory, Supply Depot  
  34  4:11  SCV  
  35  4:18  Reaper  
  36  4:35  Orbital Command  
  35  4:53  Barracks Tech Lab x2  
  35  4:54  Factory Tech Lab  
  35  4:59  Orbital Command  
  35  5:00  Starport  
  35  5:02  SCV  
  36  5:10  Command Center  
  36  5:13  Supply Depot  
  36  5:20  Engineering Bay  
  36  5:21  Engineering Bay  
  36  5:23  Armory  
  36  5:49  Marine x2  
  36  5:50  Marine  
  36  5:51  Siege Tank  
  42  6:03  SCV  
  43  6:05  Medivac  
  43  6:07  Marine x3  
  46  6:25  Marine  
  47  6:30  Marauder  
  47  6:31  Marauder  
  47  6:32  Siege Tank  
  54  6:33  SCV x2  
  56  6:42  Medivac  
  56  6:45  SCV x2  
  56  6:46  Supply Depot  
  60  6:49  Supply Depot  
  60  6:57  SCV  
  60  7:01  SCV  
  62  7:14  Refinery  
  62  7:15  Refinery  
Show
View Real Time Build Order
Export as new Build Order

StonedTurtle Zerg 

Build Orders: Hatch First 

Get SALT Encoding   

  12  0:03  Drone  
  13  0:15  Drone  
  14  0:44  Overlord  
  14  0:45  Hatchery  
  13  0:51  Drone  
  14  0:57  Extractor  
  14  0:58  Drone  
  14  1:14  Drone x2  
  16  1:22  Spawning Pool  
  15  1:41  Drone x2  
  15  1:42  Drone  
  18  2:04  Drone  
  18  2:05  Drone  
  20  2:10  Drone  
  20  2:11  Drone  
  22  2:24  Spore Crawler  
  21  2:35  Spore Crawler  
  20  2:38  Queen  
  20  2:39  Drone x2  
  24  2:44  Lair  
  24  2:49  Zergling x2  
  24  2:50  Extractor  
  24  2:55  Zergling x2  
  25  3:13  Queen  
  27  3:28  Overlord x3  
  25  3:35  Drone x3  
  28  3:49  Queen  
  30  4:00  Hydralisk Den  
  30  4:02  Queen  
  29  4:04  Drone x2  
  29  4:08  Spore Crawler  
  32  4:12  Spore Crawler  
  31  4:21  Zergling x4  
  31  4:22  Zergling x2  
  31  4:23  Zergling x2  
  35  4:38  Queen  
  37  4:59  Queen  
  37  5:02  Drone x4  
  37  5:03  Drone x2  
  37  5:06  Drone  
  37  5:07  Drone x2  
  48  5:14  Queen  
  37  5:38  Hydralisk x2  
  23  5:58  Hydralisk x3  
  23  6:00  Hydralisk  
  23  6:31  Drone x2  
  25  6:33  Queen  
Show
View Real Time Build Order
Export as new Build Order

Headshot Protoss 

Build Orders:  

Get SALT Encoding   

  12  0:03  Probe  
  13  0:17  Probe  
  14  0:32  Pylon  
  14  0:35  Probe  
  15  0:47  Probe  
  15  0:54  Forge  
  15  0:55  Probe  
  16  1:01  Gateway  
  17  1:10  Probe  
  18  1:22  Probe  
  18  1:25  Gateway  
  19  1:35  Pylon  
  19  1:38  Gateway, Probe  
  20  1:50  Probe  
  21  1:56  Photon Cannon  
  21  1:57  Assimilator  
  21  2:08  Probe  
  22  2:18  Photon Cannon  
  22  2:19  Pylon  
  22  2:27  Photon Cannon  
  22  2:32  Pylon  
  22  2:50  Zealot, Pylon  
  23  2:58  Photon Cannon  
  21  2:59  Probe  
  18  3:08  Photon Cannon  
  12  3:20  Photon Cannon  
  9  3:37  Probe  
  4  3:55  Probe  
  5  4:15  Probe  
  6  4:23  Probe  
  7  4:55  Photon Cannon  
  7  4:58  Probe  
  8  5:07  Probe  
  9  5:23  Probe  
  10  5:35  Probe  
  11  5:56  Probe  
  12  6:04  Probe  
  12  6:11  Pylon  
  12  6:41  Probe  
  13  6:53  Probe  
  14  7:00  Pylon  
  14  7:01  Probe  
Tags
 
Add a new tag
Caveats
  • Supply blocks, unpowered buildings, or Contaminate may cause inaccurate times.
  • Supply counts are checked every 10 seconds.